 Dungeon Crawl Stone Soup version 0.17-a0-2171-ga91b4ec (webtiles) character file.

97 st0uf the Changer (level 4, 0/57 HPs)
             Began as a Naga Transmuter on Oct 25, 2015.
             Succumbed to an adder's poison
             ... on level 3 of the Dungeon.
             The game lasted 00:14:23 (3348 turns).

st0uf the Changer (Naga Transmuter)                 Turns: 3348, Time: 00:14:23

Health: 0/57       AC: 22    Str: 11 (13) XL:     4   Next: 68%
Magic:  6/6        EV:  1    Int: 13      God:
Gold:   143        SH:  0    Dex: 12      Spells: 2 memorised, 4 levels left

rFire  . . .     SeeInvis +       - Unarmed
rCold  . . .     Clarity  .     (armour currently unavailable)
rNeg   + + +     SustAt   .     (no shield)
rPois  +         Gourm    .     (helmet currently unavailable)
rElec  .         Spirit   .     (cloak currently unavailable)
rCorr  .         Warding  .     (gloves currently unavailable)
rMut   .         NoTele   +     (no barding)
MR     .....                    m - amulet of rage
Stlth  +.........               (no ring)
                                (no ring)

@: lethally poisoned (0 -> -2), tree-form (expiring), not resistant to hostile
enchantments, very unstealthy
A: (horns 0), see invisible, (deformed body), low mp 1, (poison resistance),
(slowness 0), slow metabolism 1, spit poison 2, no device heal 1, AC +1
a: Spit Poison, Evoke Berserk Rage


You were on level 3 of the Dungeon.
You were not hungry.
You were a tree.
You visited 1 branch of the dungeon, and saw 3 of its levels.

You collected 143 gold pieces.

Inventory:

Missiles
 a - 50 arrows
Armour
 b - a +0 robe
 e - a +0 buckler
 p - a cursed +0 robe (melded)
Jewellery
 m - an amulet of rage (around neck)
Scrolls
 h - a scroll of fear {unknown}
 j - 3 scrolls of identify {unknown}
 k - 2 scrolls of recharging {unknown}
 l - 2 scrolls of remove curse {unknown}
Books
 c - a book of Changes

   Spells                             Type                      Level
   a - Beastly Appendage              Transmutation                1
   b - Sticks to Snakes               Transmutation                2
   c - Spider Form                    Transmutation/Poison         3
   d - Ice Form                       Ice/Transmutation            4
   e - Blade Hands                    Transmutation                5
Comestibles
 d - 2 bread rations
 f - a beef jerky
 i - a meat ration
 o - 2 slices of pizza
 r - a chunk of flesh


   Skills:
 - Level 1.0 Fighting
 - Level 1.5 Dodging
 - Level 3.0 Unarmed Combat
 - Level 2.0 Spellcasting
 + Level 4.7 Transmutations


You had 4 spell levels left.
You knew the following spells:

 Your Spells              Type           Power        Failure   Level  Hunger
a - Beastly Appendage     Trmt           ##....       4%          1    ##.....
b - Sticks to Snakes      Trmt           ##........   8%          2    ###....


Dungeon Overview and Level Annotations

Branches:
Dungeon (3/15)

Altars:
Fedhas
Xom


Innate Abilities, Weirdness & Mutations

You cannot wear boots.
((Your serpentine skin is tough (AC +1).))
You have supernaturally acute eyesight.
((Armour fits poorly on your strangely shaped body.))
((Your system is resistant to poisons.))
((You cover ground very slowly.))
You have a slow metabolism.
You can spit poison.
((You have a pair of small horns on your head.))
Your magical capacity is low (-10% MP).
Potions and wands are less effective at restoring your health.


Message History

There was something very wrong with that liquid.
You feel weakened.
* * * LOW HITPOINT WARNING * * *
You feel sick. The adder bites you but does no damage.
You smack the adder!
You kill the adder!
* * * LOW HITPOINT WARNING * * *
You feel sick.
You cannot move.
There is a lethal amount of poison in your body!
* * * LOW HITPOINT WARNING * * *
You feel sick.
* * * LOW HITPOINT WARNING * * *
You feel sick.
* * * LOW HITPOINT WARNING * * *
You feel sick.
* * * LOW HITPOINT WARNING * * *
You feel sick.
Your transformation is almost over.
You die...

..÷'........#.######.#..........#
...##.......#.######.########.###
..(##.##.#...........# #.#
...##.##....#.######## # #.#
...#......#.#.########.# #.#
##.#..#####.#..........# #.###
#.#..#####.###......... #....
#.#..#>....(........... #.###
#.#..#.##..(...♣....... ###
#.#..#.................
#.####.#.......#######.
#......).......# ######'##......#
#.............# #........###...#
#........# #.#.# #........# #.#


There were no monsters in sight!

Vanquished Creatures
  3 adders (D:3)
  2 oozes (D:1)
  3 giant geckos
  A ball python (D:1)
  3 giant cockroaches
  7 hobgoblins
  8 jackals
  11 bats
  5 giant newts
  4 goblins
  11 kobolds
  4 rats
62 creatures vanquished.

Notes
Turn   | Place    | Note
--------------------------------------------------------------
     0 | D:1      | st0uf the Naga Transmuter began the quest for the Orb.
     0 | D:1      | Reached XP level 1. HP: 18/18 MP: 3/3
   279 | D:1      | Reached XP level 2. HP: 9/25 MP: 3/5
  1016 | D:1      | Reached XP level 3. HP: 31/31 MP: 6/6
  1971 | D:2      | Found a shimmering altar of Xom.
  2076 | D:2      | Reached skill level 4 in Transmutations
  2533 | D:2      | Learned a level 2 spell: Sticks to Snakes
  2784 | D:2      | Reached XP level 4. HP: 38/38 MP: 7/7
  3244 | D:3      | Found a blossoming altar of Fedhas.
  3336 | D:3      | Gained mutation: Potions and wands are less effective at restoring your health. [potion of mutation]
  3336 | D:3      | Gained mutation: You have a pair of small horns on your head. [potion of mutation]
  3336 | D:3      | Gained mutation: Your magical capacity is low (-10% MP). [potion of mutation]
  3342 | D:3      | HP: 2/57 [poisoned by an adder]
  3348 | D:3      | Succumbed to an adder's poison

Vault maps used:
D:1:      minmay_arrival_wavy_path, serial_bayou_lagoon_a
D:2:      old_standard_altar
D:3:      fedhas_altar_2

Action                   |  1- 3 |  4- 6 || total
-------------------------+-------+-------++-------
Melee: Unarmed           |   163 |    71 ||   234
 Cast: Beastly Appendage |     9 |     5 ||    14
 Abil: Spit Poison       |    12 |     2 ||    14
  Use: Potion            |       |     3 ||     3
 Stab: Sleeping          |     1 |       ||     1
  Eat: Chunk             |     5 |     2 ||     7
